Map: Ever Dream LE

Players

TheZergLord

  • Race: Zerg Zerg
  • League: Grandmaster
  • Spawn Location: 1:00

Cham - Winner!

  • Race: Zerg Zerg
  • League: Grandmaster
  • Spawn Location: 7:00

Event: DreamHack SC2 Masters 2020 Fall

VOD

Have the link to the VOD?

Description

Time

  • Played on: Aug. 26, 2020, 3:36 p.m.
  • Length: 12:21

All games in this series

Show
View Real Time Build Order
Export as new Build Order

TheZergLord Zerg 

Build Orders: Hatch First, Zergling Baneling 

Get SALT Encoding   

  12  0:00  Drone  
  13  0:12  Overlord  
  13  0:17  Drone  
  14  0:31  Drone x2  
  16  0:48  Hatchery  
  15  0:51  Drone  
  15  0:55  Drone  
  17  0:58  Drone  
  18  1:09  Extractor  
  17  1:13  Spawning Pool  
  17  1:16  Drone  
  17  1:19  Drone  
  18  1:28  Drone  
  20  1:40  Drone  
  20  1:50  Drone  
  21  2:00  Queen x2  
  21  2:01  Zergling x2  
  26  2:02  Overlord  
  26  2:09  Metabolic Boost  
  26  2:11  Drone  
  26  2:12  Drone  
  28  2:22  Drone x2  
  30  2:32  Hatchery  
  29  2:39  Drone x2  
  29  2:43  Queen  
  33  2:51  Overlord  
  33  2:53  Drone  
  33  2:57  Drone x2  
  36  3:08  Baneling Nest  
  36  3:12  Drone x3  
  38  3:19  Overlord  
  38  3:20  Drone x2  
  38  3:21  Drone  
  38  3:22  Zergling x4  
  43  3:29  Zergling x2  
  43  3:31  Evolution Chamber  
  43  3:33  Zergling x2  
  43  3:44  Zergling x10  
  48  3:52  Zergling x2  
  48  3:53  Baneling  
  48  3:54  Baneling  
  49  4:00  Queen  
  42  4:12  Zergling x4  
  42  4:13  Zergling x12  
  46  4:18  Zerg Missile Weapons Level 1  
  46  4:19  Queen  
  47  4:26  Zergling x10  
  47  4:27  Zergling x6  
  55  4:32  Baneling x2  
  55  4:39  Zergling x6  
  55  4:45  Overlord  
  58  4:50  Overlord  
  57  4:54  Baneling  
  57  4:55  Baneling x3  
  57  4:59  Extractor  
  56  5:00  Extractor, Roach Warren  
  53  5:14  Drone x7  
  56  5:15  Drone x3, Overlord  
  43  5:44  Roach x5  
  43  5:45  Zergling x10  
  55  5:53  Zergling x6  
  55  5:54  Zergling x2  
  59  6:01  Roach x2  
  63  6:09  Zergling x4  
  65  6:12  Ravager x2  
  65  6:17  Zergling x8  
  65  6:18  Zergling x2  
  72  6:27  Drone x3  
  72  6:28  Drone x2, Lair  
  72  6:29  Drone x3  
  80  6:36  Overlord  
  80  6:37  Overlord  
  80  6:38  Drone  
  81  6:45  Ravager, Overlord x2  
  81  6:53  Overlord  
  81  6:57  Zerg Ground Armor Level 1  
  81  7:00  Drone x3  
  81  7:01  Drone x2  
  85  7:02  Ravager  
  85  7:08  Drone x4  
  91  7:20  Drone x3  
  91  7:21  Drone x2  
  96  7:23  Drone x4, Extractor x2  
  96  7:27  Overlord  
  98  7:31  Drone x4  
  102  7:49  Drone  
  102  7:50  Roach x5  
  102  7:51  Roach  
  115  7:52  Glial Reconstitution  
  115  7:58  Drone x3, Hatchery  
  115  7:59  Drone  
  115  8:04  Extractor  
  117  8:08  Roach x2  
  117  8:09  Roach x4  
  129  8:14  Overlord  
  129  8:22  Overlord x2  
  129  8:23  Overlord  
  128  8:32  Overlord x2  
  128  8:34  Roach x4  
  136  8:48  Roach x5  
  142  8:49  Roach  
  147  9:03  Roach x3  
  147  9:04  Roach x6  
  147  9:08  Overlord x2  
  161  9:10  Spire  
  161  9:12  Zerg Missile Weapons Level 2  
  161  9:15  Roach x2  
  164  9:21  Queen  
  166  9:26  Roach  
  166  9:27  Roach x6  
  173  9:50  Roach x11  
  173  9:51  Roach x3  
  171  9:59  Roach  
  151  10:00  Roach x3  
  151  10:05  Roach x2  
  128  10:11  Roach  
  128  10:12  Roach  
  114  10:21  Roach x3  
  120  10:22  Extractor x2  
  120  10:23  Ravager  
  120  10:24  Ravager x4  
  123  10:31  Roach x6  
  123  10:32  Roach  
  137  10:36  Roach x2  
  137  10:40  Roach  
  143  10:48  Roach x2  
  145  10:56  Roach x6  
  145  10:57  Roach  
  157  11:04  Roach x2  
  161  11:13  Roach x2  
  161  11:14  Roach x3  
  169  11:22  Roach x5  
  169  11:37  Roach x4  
  169  11:42  Overlord x5  
  169  11:43  Overlord  
  169  11:59  Overlord  
  169  12:00  Overlord  
  169  12:02  Roach x2  
  157  12:16  Roach Warren  
Show
View Real Time Build Order
Export as new Build Order

Cham Zerg - Winner!

Build Orders: Hatch First, Zergling Baneling 

Get SALT Encoding   

  12  0:00  Drone  
  13  0:08  Drone  
  14  0:16  Overlord  
  14  0:34  Drone  
  14  0:35  Drone  
  16  0:46  Hatchery  
  15  0:51  Drone  
  15  0:54  Drone  
  17  0:57  Drone  
  18  1:09  Extractor  
  17  1:13  Spawning Pool  
  17  1:15  Drone  
  17  1:20  Drone  
  18  1:34  Drone  
  19  1:42  Drone  
  20  1:53  Overlord  
  20  2:00  Queen x2, Zergling x2  
  25  2:02  Drone  
  26  2:09  Drone  
  26  2:13  Drone  
  26  2:15  Metabolic Boost  
  28  2:20  Drone  
  28  2:22  Drone  
  30  2:31  Drone  
  31  2:39  Hatchery  
  31  2:42  Zergling x4  
  32  2:47  Drone  
  32  2:51  Baneling Nest  
  32  2:53  Overlord  
  32  3:04  Drone x2  
  34  3:09  Overlord  
  34  3:15  Zergling x10  
  39  3:22  Zergling x4  
  42  3:27  Zergling x2  
  42  3:28  Overlord  
  42  3:34  Baneling x4  
  42  3:38  Drone  
  42  3:39  Evolution Chamber  
  42  3:42  Drone  
  42  3:48  Drone x5  
  47  3:52  Overlord  
  47  4:05  Drone  
  47  4:06  Drone  
  47  4:09  Drone  
  48  4:10  Drone x3  
  50  4:21  Zerg Missile Weapons Level 1  
  50  4:23  Drone x5  
  54  4:24  Roach Warren  
  54  4:26  Zergling x2  
  54  4:27  Zergling x2  
  54  4:29  Drone  
  54  4:31  Zergling x2  
  57  4:34  Baneling x2  
  57  4:38  Queen, Extractor x2  
  56  4:49  Zergling x6  
  56  4:50  Baneling x3  
  56  4:51  Baneling  
  57  4:56  Zergling x6  
  59  5:04  Zergling x6  
  61  5:07  Baneling x2  
  61  5:10  Zergling x4  
  61  5:11  Drone x2  
  65  5:14  Overlord  
  65  5:15  Overlord  
  65  5:21  Baneling x2, Zergling x2  
  66  5:26  Zergling x6  
  62  5:31  Roach x3  
  62  5:33  Roach  
  62  5:34  Zergling x4  
  69  5:35  Zergling x4  
  69  5:36  Zergling x2  
  69  5:40  Zergling x2  
  70  5:43  Roach  
  70  5:45  Roach  
  73  5:53  Roach  
  73  5:54  Roach  
  77  5:58  Zergling x2  
  77  6:04  Lair, Overlord  
  78  6:07  Drone  
  78  6:08  Drone, Baneling  
  80  6:11  Drone  
  80  6:13  Drone  
  82  6:18  Drone x2  
  82  6:19  Drone  
  82  6:22  Extractor  
  82  6:23  Drone x2  
  82  6:24  Roach x2  
  82  6:25  Roach x3  
  96  6:28  Roach  
  98  6:33  Overlord  
  98  6:36  Spine Crawler  
  98  6:38  Spine Crawler  
  96  6:40  Roach  
  96  6:41  Overlord  
  96  6:42  Baneling  
  98  6:48  Overlord x2  
  98  6:49  Overlord  
  98  6:52  Roach x2  
  103  7:02  Overseer  
  103  7:03  Roach  
  103  7:06  Overlord  
  103  7:07  Roach, Zerg Missile Weapons Level 2  
  108  7:08  Drone  
  108  7:09  Drone x3  
  108  7:10  Drone  
  108  7:13  Drone  
  108  7:14  Drone  
  108  7:15  Overlord  
  115  7:17  Drone x2  
  115  7:18  Drone x2  
  115  7:21  Drone x2  
  121  7:22  Extractor  
  121  7:24  Drone x2  
  121  7:27  Roach, Extractor  
  121  7:28  Roach  
  125  7:32  Overlord  
  125  7:40  Hatchery  
  125  7:42  Glial Reconstitution  
  124  7:46  Roach x2  
  124  7:47  Roach  
  124  7:49  Overlord  
  124  7:51  Drone x2  
  132  7:53  Roach  
  132  7:56  Roach  
  132  7:58  Roach x2  
  138  8:03  Overlord  
  138  8:04  Pneumatized Carapace  
  138  8:05  Roach  
  142  8:06  Roach  
  142  8:08  Roach  
  142  8:11  Roach  
  142  8:12  Roach  
  150  8:16  Drone  
  150  8:18  Overlord  
  150  8:19  Roach x2  
  155  8:21  Roach  
  157  8:30  Hatchery  
  157  8:31  Roach x2  
  157  8:33  Roach  
  161  8:38  Roach x2  
  161  8:39  Roach  
  167  8:43  Overlord  
  167  8:44  Roach x2  
  167  8:47  Overlord  
  171  8:49  Roach  
  171  8:55  Roach x2, Overlord  
  176  9:03  Roach x2  
  176  9:04  Roach x2  
  176  9:06  Overlord  
  184  9:11  Roach x2  
  184  9:12  Roach x2  
  184  9:14  Overlord  
  192  9:18  Roach  
  192  9:20  Ravager x2  
  192  9:21  Ravager x3  
  199  9:30  Roach x3  
  197  9:44  Roach  
  191  9:49  Roach x8  
  191  9:50  Roach x4  
  186  9:53  Roach  
  186  9:58  Roach x2  
  165  10:02  Roach x2  
  146  10:07  Roach x2  
  146  10:08  Roach x2  
  148  10:15  Roach x2  
  148  10:16  Roach  
  148  10:19  Drone  
  148  10:21  Unknown  
  152  10:22  Zerg Ground Armor Level 1  
  152  10:23  Roach x2  
  152  10:24  Roach  
  158  10:28  Roach  
  160  10:36  Ravager x9  
  160  10:37  Ravager  
  160  10:38  Ravager  
  160  10:39  Roach x2  
  160  10:41  Roach x2  
  179  10:44  Roach  
  179  10:46  Roach  
  183  10:50  Roach  
  183  10:51  Roach  
  187  10:57  Roach x2  
  187  10:59  Overseer  
  187  11:01  Roach x3  
  197  11:08  Roach  
  197  11:10  Ravager  
  200  11:24  Roach  
  199  11:33  Drone  
  199  11:34  Roach  
  199  11:35  Infestation Pit  
  199  11:36  Ravager x2  
  200  11:46  Overlord  
  200  11:51  Evolution Chamber  

Tags
 
Add a new tag
Caveats
  • Supply blocks, unpowered buildings, or Contaminate may cause inaccurate times.
  • Supply counts are checked every 10 seconds.